 Dungeon Crawl Stone Soup version 0.25-a0-834-g55863b0b92 (webtiles) character file.

Game seed: 1584543417217314401, levelgen mode: deterministic

288 DavidChitty2 the Shield-Bearer (level 6, -1/39 HPs)
             Began as a Gargoyle Fighter on Apr 23, 2020.
             Slain by an ogre
             ... wielding a cursed -2 giant club
              (15 damage)
             ... on level 7 of the Dungeon.
             The game lasted 00:03:12 (2580 turns).

DavidChitty2 the Shield-Bearer (Gargoyle Fighter)   Turns: 2580, Time: 00:03:13

Health: -1/39      AC: 15    Str: 21    XL:     6   Next: 31%
Magic:  6/6        EV:  5    Int:  9    God:
Gold:   118        SH:  9    Dex:  9    Spells: 5/5 levels left

rFire    . . .     SeeInvis .   a - +0 flail
rCold    . . .     Gourm    .   c - +0 kite shield
rNeg     + . .     Faith    .   l - +0 chain mail
rPois    ∞         Spirit   .   q - +0 helmet
rElec    +         Reflect  .   (no cloak)
rCorr    .         Harm     .   (no gloves)
MR       .....                  (no boots)
Stlth    ..........             (no amulet)
HPRegen  0.13/turn              (no ring)
MPRegen  0.10/turn              (no ring)

@: no status effects
A: negative energy resistance 1, electricity resistance, unbreathing,
petrification resistance, rot immunity, AC +4
a: no special abilities


You were on level 7 of the Dungeon.
You were not hungry.

You visited 1 branch of the dungeon, and saw 5 of its levels.

You collected 118 gold pieces.

Inventory:

Hand Weapons
 a - a +0 flail (weapon)
Missiles
 n - 2 throwing nets (quivered) {!f}
Armour
 c - a +0 kite shield (worn)
 l - a +0 chain mail (worn)
   (You found it on level 1 of the Dungeon)
 q - a +0 helmet (worn)
   (You found it on level 3 of the Dungeon)
Scrolls
 g - 5 scrolls of identify {@r1}
 i - a scroll of remove curse {@r2}
Potions
 d - a potion of might
 f - a potion of invisibility {unknown}
 h - 2 potions of haste {@q3}
 j - 3 potions of lignification {!q}
 k - a potion of flight {unknown}
 m - 2 potions of curing {unknown}
 r - a potion of resistance {unknown}
 s - a potion of degeneration {unknown}
 t - a potion of berserk rage {unknown}
Comestibles
 e - 6 rations {!d}


   Skills:
 + Level 4.4 Fighting
 * Level 4.3 Maces & Flails
 + Level 4.4 Armour
 + Level 4.4 Shields


You had 5 spell levels left.
You didn't know any spells.
Your spell library was empty.

Dungeon Overview and Level Annotations

Branches:
Dungeon (4/15)
 Temple: D:4-7

Altars:
Elyvilon
Gozag


Innate Abilities, Weirdness & Mutations

You are resistant to torment.
Your stone body is resilient. (AC +4)
You are immune to poison.
You resist negative energy. (rN+)
You are resistant to electric shocks. (rElec)
You can survive without breathing.
You are immune to petrification.
You are immune to rotting.


Message History

No target in view!
Found a stone staircase leading down.
You now have 118 gold pieces (gained 21).
An adder comes into view.
The adder hisses angrily.
The adder bites you.
You hit the adder but do no damage.
The adder bites you but does no damage. x2
You miss the adder. You block the adder's attack.
You hit the adder. You block the adder's attack. x2
You closely miss the adder. The adder bites you but does no damage.
You block the adder's attack.
Your chain mail prevents you from hitting the adder.
You block the adder's attack.
You closely miss the adder. The adder bites you but does no damage.
You block the adder's attack.
You closely miss the adder. You block the adder's attack. x2
Your shield and chain mail prevent you from hitting the adder.
You block the adder's attack.
You closely miss the adder. The adder bites you but does no damage.
You block the adder's attack.
You miss the adder. The adder bites you but does no damage.
You block the adder's attack.
Your shield and chain mail prevent you from hitting the adder.
The adder bites you but does no damage.
You sock the adder!
You kill the adder!
No target in view!
An ogre comes into view. It is wielding a -2 giant club.
The ogre shouts!
The ogre barely misses you.
You closely miss the ogre. The ogre hits you but does no damage.
Your shield and chain mail prevent you from hitting the ogre.
The ogre hits you with a cursed -2 giant club!
You hit the ogre. The ogre hits you but does no damage.
You hit the ogre.
The ogre hits you with a cursed -2 giant club.
You hit the ogre. The ogre hits you but does no damage.
You sock the ogre! You hit the ogre.
The ogre hits you with a cursed -2 giant club!
You hit the ogre. The ogre barely misses you.
Your shield and chain mail prevent you from hitting the ogre.
The ogre hits you with a cursed -2 giant club!
* * * LOW HITPOINT WARNING * * *
You hit the ogre but do no damage. The ogre barely misses you.
You hit the ogre. You block the ogre's attack.
You hit the ogre but do no damage. You block the ogre's attack.
You hit the ogre but do no damage.
The ogre hits you with a cursed -2 giant club!
You die...

.. .. #. ... #. ♣. #.
...#.#♣. #. #.#.#.. #♣♣♣#
#♣. ......♣#♣⌠.⌠♣# #♣..
#.#...#♣.._..♣♣♣♣♣♣..♣
#.#...#♣............♣#
#.##O.#♣............♣#
#.##.@#♣...........♣##
#.###.#♣♣.........♣♣#.
#>##..###♣♣♣....♣♣###.
#.#.....####♣♣♣♣###...
######..........######...##
#............#...........#
#.####......##..........##
###...###..........# ##.##
#.##########


You could see an ogre.

Vanquished Creatures
  A centaur skeleton (D:4)
  An orc priest (D:3)
  4 gnolls (D:2)
  10 adders
  2 oozes (D:1)
  4 worms
  2 dart slugs (D:1)
  11 orcs (D:3)
  2 giant cockroaches
  3 goblins
  8 hobgoblins
  2 jackals (D:3)
  6 kobolds
  2 quokkas (D:2)
  A ball python (D:2)
  A ball python skeleton (D:4)
  2 bats
  3 frilled lizards
  A quokka skeleton (D:7)
  10 rats
76 creatures vanquished.

Notes
Turn   | Place    | Note
-------+----------+-------------------------------------------
     0 | D:1      | DavidChitty2 the Gargoyle Fighter began the quest for the
                  | Orb.
     0 | D:1      | Reached XP level 1. HP: 14/14 MP: 1/1
    73 | D:1      | Reached XP level 2. HP: 16/19 MP: 2/2
   394 | D:1      | Reached XP level 3. HP: 23/23 MP: 3/3
   897 | D:2      | Reached XP level 4. HP: 26/29 MP: 4/4
  1156 | D:2      | Reached XP level 5. HP: 18/33 MP: 5/5
  1376 | D:2      | Found an opulent altar of Gozag.
  1687 | D:3      | Found a faded altar of an unknown god.
  1884 | D:3      | Reached XP level 6. HP: 18/38 MP: 6/6
  2442 | D:4      | You fall into a shaft and drop 3 floors!
  2494 | D:7      | Found a white marble altar of Elyvilon.
  2580 | D:7      | Slain by an ogre

Levels and vault maps discovered:
D:1:      kilobyte_arrival_exit_the_forest, layout_basic
D:2:      layout_loops_ring, grunt_gozag_statues, hangedman_decor_points
D:3:      cheibrodos_pilgrimage, layout_basic, chequers_ecumenical_altar_island
D:4:      layout_loops_ring, grunt_temple_overflow_magic_moments
D:7:      layout_loops_corners, nicolae_ru_sacrificial_ziggurat,
          nicolae_overflow_hidden_temple, kennysheep_ying_yang,
          kennysheep_okawaru_gauntlet

Skill      XL: |  1  2  3  4  5 |
---------------+----------------+-----
Maces & Flails | 3 4 |  4.3
Fighting       | 4 |  4.4
Shields        | 4 |  4.4
Armour         | 4 |  4.4

Action                   |  1- 3 |  4- 6 || total
-------------------------+-------+-------++-------
Melee: Flail             |    95 |   246 ||   341
  Use: Scroll            |       |     4 ||     4
  Eat: Chunk             |       |     6 ||     6
Armor: Scale mail        |    11 |       ||    11
       Chain mail        |    35 |   147 ||   182
Dodge: Dodged            |    24 |    54 ||    78
Block: Kite shield       |    48 |   142 ||   190

Table legend:
 A = Non-vault XP
 B = Vault XP
 C = Vault XP percentage of total XP
 D = Non-vault monster count
 E = Vault monster count
 F = Vault count percentage of total count
                 A         B        C        D         E       F
            +---------+---------+-------+---------+---------+-------
      Total |     359 |      53 |  12.9 |      71 |       5 |   6.6
            +---------+---------+-------+---------+---------+-------
        D:1 |      37 |       0 |   0.0 |      14 |       0 |   0.0
        D:2 |     196 |       0 |   0.0 |      34 |       0 |   0.0
        D:3 |      68 |      53 |  43.8 |      19 |       5 |  20.8
        D:4 |      44 |       0 |   0.0 |       2 |       0 |   0.0
        D:7 |      14 |       0 |   0.0 |       2 |       0 |   0.0
            +---------+---------+-------+---------+---------+-------
